 Dungeon Crawl Stone Soup version 0.24.0-37-gcf1ca852f1 (webtiles) character file.

Game seed: 10496657509843721645, levelgen mode: deterministic

1060 sankara the Cleaver (level 8, -4/64 HPs)
             Began as a Hill Orc Fighter on Dec 4, 2019.
             Was an Initiate of Makhleb.
             Slain by a sky beast (5 damage)
             ... on level 6 of the Dungeon on Dec 5, 2019.
             The game lasted 00:17:23 (5159 turns).

sankara the Cleaver (Hill Orc Fighter)              Turns: 5159, Time: 00:17:25

Health: -4/64      AC: 14    Str: 20 (21) XL:     8   Next: 27%
Magic:  8/8        EV:  4    Int:  5 (8)  God:    Makhleb [......]
Gold:   291        SH: 10    Dex:  8 (10) Spells: 7/7 levels left

rFire    + . .     SeeInvis .   a - +0 war axe
rCold    + . .     Gourm    .   c - +0 shield
rNeg     . . .     Faith    .   m - +0 plate armour
rPois    .         Spirit   .   (no helmet)
rElec    .         Reflect  .   (no cloak)
rCorr    .         Harm     .   (no gloves)
MR       .....                  y - +0 pair of boots
Stlth    ..........             (no amulet)
HPRegen  0.00/turn              g - ring of flight
MPRegen  0.11/turn              x - ring of protection from fire

@: no status effects
A: cold resistance 1, sense surroundings 1, inhibited regeneration
a: Renounce Religion, Evoke Flight


You were on level 6 of the Dungeon.
You worshipped Makhleb.
Makhleb was noncommittal.
You were not hungry.

You visited 2 branches of the dungeon, and saw 7 of its levels.

You collected 291 gold pieces.

Inventory:

Hand Weapons
 a - a +0 war axe (weapon)
 u - a +0 hunting sling
Missiles
 e - 289 stones
 j - 5 sling bullets
 s - 3 boomerangs (quivered)
 t - 12 poisoned darts
Armour
 c - a +0 shield (worn)
 m - a +0 plate armour (worn)
 o - a +2 leather armour of fire resistance
 y - a +0 pair of boots (worn)
Jewellery
 g - a ring of flight (left hand)
 x - a ring of protection from fire (right hand)
Wands
 k - a wand of disintegration (6)
 r - a wand of enslavement (9)
Scrolls
 h - 12 scrolls of identify {unknown}
 p - 3 scrolls of remove curse {unknown}
 v - 2 scrolls of teleportation {unknown}
 w - a scroll of enchant armour {unknown}
Potions
 d - 2 potions of might
 i - a potion of agility
 l - a potion of curing {unknown}
 n - a potion of flight
 q - 2 potions of lignification
Comestibles
 f - 13 rations


   Skills:
 - Level 3.6 Fighting
 * Level 9.1 Axes
 + Level 6.0 Armour
 + Level 6.1 Shields


You had 7 spell levels left.
You didn't know any spells.
Your spell library was empty.

Dungeon Overview and Level Annotations

Branches:
Dungeon (6/15)             Temple (1/1) D:4

Altars:
Ashenzari
Cheibriados
Fedhas
Gozag
Hepliaklqana
Kikubaaqudgha
Makhleb
Nemelex Xobeh
Okawaru
Qazlal
Trog
Xom
Zin
Lugonu

Shops:
D:5 %=*

Annotations:
D:2 Sigmund


Innate Abilities, Weirdness & Mutations

Your flesh is cold resistant. (rC+)
You passively map a small area around you.
You do not regenerate when monsters are visible.


Message History

Makhleb accepts your kill.
Your Axes skill increases to level 9!
Your Armour skill increases to level 6!
The crimson imp blinks!
The sky beast flickers out of sight!
Deactivating autopickup; reactivate with Ctrl-A.
A sky beast appears from thin air!
Reactivating autopickup.
You barely miss the sky beast.
The sky beast hits you but does no damage.
You slash the sky beast!
The sky beast is heavily wounded.
You block the sky beast's attack.
You miss the sky beast.
The sky beast is heavily wounded.
The sky beast flickers out of sight!
Deactivating autopickup; reactivate with Ctrl-A.
Something hits you.
* * * LOW HITPOINT WARNING * * *
Something shocks you.
You die...

..............##..#..........#
........+....###..############
........#....# #..#
.......<..##.# #..#
#######...##.# #..#
.....[...).).# #..#
#########.######..# ,
..........).......#
###...###.######@## , #...#
#.## #{# #...# #..# #.#* #...#
##.#* #≈#,, , , #...# ..# #5#
, #...# #.# #.#, , , #...# *
+# #.#, , , , , #.# , ,, * #.#


You could see a crimson imp.

Vanquished Creatures
  Grinder (D:3)
  A sky beast (D:6)
  2 ogres (D:6)
  A bullfrog (D:6)
  3 hounds
  A jelly (D:5)
  A gnoll shaman (D:4)
  Jessica (D:2)
  Ijyb (D:5)
  An iguana (D:5)
  A worker ant (D:4)
  A hound zombie (D:5)
  A hound skeleton (D:5)
  A howler monkey skeleton (D:5)
  4 gnolls
  10 adders
  A shadow imp (D:5)
  An adder skeleton (D:6)
  3 worms
  A dart slug (D:2)
  3 leopard geckos
  7 orcs
  2 giant cockroaches
  12 goblins
  5 hobgoblins
  10 jackals
  3 quokkas
  6 bats
  2 frilled lizards
  9 kobolds
  9 rats
105 creatures vanquished.

Notes
Turn   | Place    | Note
-------+----------+-------------------------------------------
     0 | D:1      | sankara the Hill Orc Fighter began the quest for the Orb.
     0 | D:1      | Reached XP level 1. HP: 19/19 MP: 1/1
   211 | D:1      | Reached skill level 3 in Axes
   211 | D:1      | Reached XP level 2. HP: 16/26 MP: 2/2
   555 | D:1      | Reached XP level 3. HP: 31/31 MP: 3/3
   649 | D:1      | Reached skill level 4 in Axes
   917 | D:2      | Noticed Jessica
   925 | D:2      | Killed Jessica
   925 | D:2      | Reached XP level 4. HP: 22/39 MP: 4/4
  1124 | D:2      | Noticed Sigmund
  1427 | D:2      | Reached skill level 5 in Axes
  1632 | D:2      | Reached XP level 5. HP: 45/45 MP: 5/5
  2096 | D:3      | Noticed Grinder
  2107 | D:3      | Paralysed by Grinder for 6 turns
  2123 | D:3      | Paralysed by Grinder for 4 turns
  2128 | D:3      | Paralysed by Grinder for 2 turns
  2136 | D:3      | Paralysed by Grinder for 4 turns
  2172 | D:3      | Killed Grinder
  2172 | D:3      | Reached skill level 6 in Axes
  2172 | D:3      | Reached XP level 6. HP: 16/51 MP: 6/6
  2928 | D:4      | Reached skill level 5 in Shields
  2942 | D:4      | Reached skill level 7 in Axes
  2942 | D:4      | Reached skill level 5 in Armour
  2942 | D:4      | Reached XP level 7. HP: 35/57 MP: 7/7
  3317 | D:4      | Found a staircase to the Ecumenical Temple.
  3328 | Temple   | Entered the Ecumenical Temple
  3383 | Temple   | Became a worshipper of Makhleb the Destroyer
  3510 | D:4      | Found a blossoming altar of Fedhas.
  3612 | D:5      | Entered Level 5 of the Dungeon
  3612 | D:5      | Found a shattered altar of Ashenzari.
  3637 | D:5      | Found Donae's Jewellery Emporium.
  3638 | D:5      | Found Giom's Food Boutique.
  3694 | D:5      | Found Dymuby's Assorted Antiques.
  3912 | D:5      | Found a hazy altar of Hepliaklqana.
  4040 | D:6      | Found an iron altar of Okawaru.
  4064 | D:6      | Found a stormy altar of Qazlal.
  4215 | D:6      | Reached skill level 8 in Axes
  4314 | D:5      | Noticed Ijyb
  4326 | D:5      | Reached XP level 8. HP: 17/64 MP: 8/8
  4328 | D:5      | HP: 3/96 [disintegration (15)]
  4330 | D:5      | Gained mutation: Your flesh is cold resistant. (rC+)
                  | [potion of mutation]
  4330 | D:5      | Gained mutation: You do not regenerate when monsters are
                  | visible. [potion of mutation]
  4330 | D:5      | Gained mutation: You passively map a small area around you.
                  | [potion of mutation]
  4353 | D:5      | HP: 4/96 [disintegration (25)]
  4356 | D:5      | Killed Ijyb
  5039 | D:6      | Found a snail-covered altar of Cheibriados.
  5147 | D:6      | HP: 3/64 [ogre/+0 giant spiked club (27)]
  5148 | D:6      | Reached skill level 9 in Axes
  5159 | D:6      | HP: 1/64 [something (2)]
  5159 | D:6      | Slain by a sky beast

Levels and vault maps discovered:
D:1:      psy_arrival_spokes, layout_rooms, serial_curves, eino_curves_03,
          eino_curves_03, eino_curves_02, minmay_misc_feat_roman,
          amethyst_killhole
D:2:      layout_loops_ring, minmay_fractal_squares_5, uniq_jessica,
          uniq_sigmund
D:3:      layout_basic, uniq_grinder
D:4:      layout_basic, nicolae_overflow_crystal_walls,
          minmay_temple_entry_trees, first_ration
D:5:      minmay_diamond_boxcup, layout_basic, lemuel_coloured_pillars_altar,
          cheibrodos_ashenzari_chains, serial_shops, nicolae_shop_statue_plus,
          nicolae_shop_window_shopping, nicolae_shop_stone, uniq_ijyb
D:6:      layout_basic, lemuel_crystal_altar, old_standard_altar,
          marbit_many_paths, glass_columns_a
Temple:   corrupted_temple

Skill      XL: |  1  2  3  4  5  6  7  8 |
---------------+-------------------------+-----
Axes           | 3 4 5 6 7 8 9 |  9.1
Shields        | 4 5 6 |  6.1
Armour         | 4 5 6 |  6.0
Fighting       | |  3.6

Action                   |  1- 3 |  4- 6 |  7- 9 || total
-------------------------+-------+-------+-------++-------
Melee: War axe           |    90 |   172 |   139 ||   401
       Unarmed           |       |    22 |       ||    22
Throw: Stone             |       |     9 |       ||     9
       Boomerang         |       |       |     5 ||     5
  Use: Potion            |       |       |     9 ||     9
  Eat: Chunk             |       |     7 |     7 ||    14
Armor: Chain mail        |    48 |       |       ||    48
       Scale mail        |     2 |       |       ||     2
       Plate armour      |     6 |   115 |    72 ||   193
       Skin              |       |     4 |    27 ||    31
Dodge: Dodged            |    17 |    32 |    17 ||    66
Block: Shield            |    47 |   112 |    63 ||   222
